 Dungeon Crawl Stone Soup version 0.22.1-5-g62c59d919a (webtiles) character file.

547 Kniotic the Covert (level 7, -1/33 HPs)
             Began as a Spriggan Assassin on Jan 11, 2019.
             Killed from afar by an orc wizard (7 damage)
             ... with a puff of frost
             ... on level 3 of the Dungeon.
             The game lasted 00:13:12 (5151 turns).

Kniotic the Covert (Spriggan Assassin)              Turns: 5151, Time: 00:13:12

Health: -1/33      AC:  5    Str:  7    XL:     7   Next: 7%
Magic:  7/8        EV: 17    Int: 14    God:
Gold:   180        SH:  4    Dex: 18    Spells: 5/6 levels left

rFire    . . .     SeeInvis +   (weapon restricted)
rCold    . . .     Gourm    .   (shield restricted)
rNeg     . . .     Faith    .   c - +0 robe
rPois    .         Spirit   .   i - +2 hat
rElec    .         Reflect  +   d - +0 cloak
rCorr    .         Harm     .   (gloves unavailable)
MR       ++...                  (boots unavailable)
Stlth    ++++......             m - +4 amulet of reflection
HPRegen  0.11/turn              w - ring of protection from magic
MPRegen  0.11/turn              (no ring)

@: very slightly contaminated, very quick
A: very small, unfitting armour, see invisible, herbivore, speed 3, slow
metabolism 2
a: no special abilities


You were on level 3 of the Dungeon.
You were very hungry.

You visited 1 branch of the dungeon, and saw 4 of its levels.
You also visited: Ossuary.

You collected 180 gold pieces.

Inventory:

Hand Weapons
 a - a +2 dagger
 b - a +0 blowgun
Missiles
 e - 8 poisoned needles
 f - 2 curare-tipped needles
Armour
 c - a +0 robe (worn)
 d - a +0 cloak (worn)
 i - a +2 hat (worn)
Jewellery
 h - an uncursed ring of fire
 m - a +4 amulet of reflection (around neck)
 w - a ring of protection from magic (left hand)
Wands
 u - a wand of clouds (3)
Scrolls
 j - a scroll of remove curse
 p - 4 scrolls of enchant armour
 q - a scroll of magic mapping {unknown}
 t - 2 scrolls of teleportation
 x - a scroll of fog {unknown}
Potions
 k - 3 potions of curing
 l - a potion of haste {unknown}
 o - a potion of invisibility {unknown}
 r - 2 potions of berserk rage
 s - a potion of ambrosia {unknown}
 v - a potion of lignification {unknown}
 z - 2 potions of magic
 A - a potion of degeneration {unknown}
 B - 3 potions of heal wounds
Comestibles
 g - 5 rations


   Skills:
 - Level 1.5 Fighting
 * Level 5.9 Short Blades
 - Level 2.0 Throwing
 - Level 1.5 Dodging
 * Level 9.7 Stealth
 + Level 2.7 Hexes


You had 5 spell levels left.
You knew the following spells:

 Your Spells              Type           Power        Failure   Level  Hunger
a - Confusing Touch       Hex            #.....       10%         1    ##.....

Your spell library contained the following spells:

 Spells                   Type           Power        Failure   Level  Hunger
 Confuse                  Hex            #.......     28%         3    ####...
 Gell's Gravitas          Tloc           #.........   65%         3    ####...
 Petrify                  Tmut/Erth      #.......     96%         4    #####..
 Metabolic Englaciation   Hex/Ice        #.........   99%         5    ######.
 Yara's Violent Unravell  Hex/Tmut       #.........   99%         5    ######.


Dungeon Overview and Level Annotations

Branches:
Dungeon (4/15)
 Temple: D:4-7

Altars:
Ashenzari
Fedhas
Nemelex Xobeh
Wu Jian

Annotations:
D:2 Natasha
D:4 2 transporters, irve1thefoxy's ghost, amateur MiBe


Innate Abilities, Weirdness & Mutations

You are very small and have problems with some larger weapons.
You are too small for most types of armour.
You have supernaturally acute eyesight. (SInv)
You are a herbivore.
You cover ground extremely quickly.
You need to consume almost no food.


Message History

The orc wizard casts a spell at you. The puff of flame hits you!
You hit the orc wizard.
The orc wizard is heavily wounded.
The orc wizard gestures at you while chanting.
The puff of frost hits you!
* * * LOW HITPOINT WARNING * * *
You hit the orc wizard.
The orc wizard is heavily wounded.
You block the orc wizard's attack.
Wield which item (- for none, * to show all)? (? for menu, Esc to quit)
You are now empty-handed.
Casting: Confusing Touch (safe; 10% risk of failure)
Confirm with . or Enter, or press ? or * to list all spells.
You miscast Confusing Touch.
You are very lightly contaminated with residual magic.
Nothing appears to happen.
The orc wizard completely misses you. The orc wizard casts a spell at you.
The puff of frost hits you!
You die...

#########
........#
#######.#
.#.#.##.#
...#.##.##########
....†......)...o@#
.#.#..#.#######..#
.#....#.#..# #..#
...#.##.#..# #..#
.#......#..# #..#
)#.).......# #..#
.#...#####.# #..#
.#.........# #..#
##...####### #..#


You could see an orc wizard (invisible).

Vanquished Creatures
  A bullfrog (D:4)
  A troll zombie (Ossuary)
  A howler monkey (D:2)
  A centaur zombie (Ossuary)
  Natasha (D:2)
  2 worker ants (D:4)
  3 ogre zombies (Ossuary)
  A big kobold zombie (Ossuary)
  8 mummies
  An adder (D:2)
  An ooze (D:1)
  2 adder zombies (Ossuary)
  An adder skeleton (D:4)
  A worm (D:3)
  3 dart slugs (D:1)
  A leopard gecko (D:3)
  5 orcs
  6 giant cockroaches
  9 hobgoblins
  9 jackals
  9 bats
  4 frilled lizards
  7 goblins
  9 goblin zombies
  2 hobgoblin zombies (Ossuary)
  9 kobolds
  5 kobold zombies
  An orc zombie (Ossuary)
  4 quokka zombies (Ossuary)
  4 rats
  3 rat zombies (Ossuary)
115 creatures vanquished.

Notes
Turn   | Place    | Note
-------+----------+-------------------------------------------
     0 | D:1      | Kniotic the Spriggan Assassin began the quest for the Orb.
     0 | D:1      | Reached XP level 1. HP: 10/10 MP: 2/2
    32 | D:1      | Reached skill level 6 in Stealth
   175 | D:1      | Reached XP level 2. HP: 14/14 MP: 3/3
   490 | D:1      | Reached XP level 3. HP: 15/18 MP: 4/4
  1135 | D:2      | Reached skill level 7 in Stealth
  1135 | D:2      | Reached XP level 4. HP: 12/22 MP: 5/5
  1649 | D:2      | Found a sparkling altar of Nemelex Xobeh.
  1649 | D:2      | Noticed Natasha
  1650 | D:2      | Found a shattered altar of Ashenzari.
  1653 | D:2      | Killed Natasha
  1888 | D:2      | Noticed Natasha
  2205 | D:3      | Learned a level 1 spell: Confusing Touch
  2546 | D:3      | Reached XP level 5. HP: 25/25 MP: 6/6
  2783 | D:3      | Reached skill level 8 in Stealth
  3127 | D:3      | Found an ornate altar of the Wu Jian Council.
  3128 | D:3      | Found a blossoming altar of Fedhas.
  3279 | D:4      | Found a sand-covered staircase.
  3306 | D:4      | Reached skill level 1 in Hexes
  3313 | Ossuary  | Entered an ossuary
  3988 | Ossuary  | Reached skill level 5 in Short Blades
  3988 | Ossuary  | Reached XP level 6. HP: 30/30 MP: 5/7
  4111 | Ossuary  | Reached skill level 9 in Stealth
  4891 | D:4      | Found a transporter.
  4894 | D:4      | Noticed irve1thefoxy's ghost (amateur MiBe)
  4913 | D:4      | Reached XP level 7. HP: 24/33 MP: 6/8
  4961 | D:4      | Found a transporter.
  5151 | D:3      | Killed from afar by an orc wizard

Skill      XL: |  1  2  3  4  5  6 |
---------------+-------------------+-----
Stealth        | 6 7 8 9 |  9.7
Short Blades   | 3 4 5 |  5.9
Hexes          | 1 2 |  2.7
Fighting       | |  1.5
Throwing       | |  2.0
Dodging        | |  1.5

Action                   |  1- 3 |  4- 6 |  7- 9 || total
-------------------------+-------+-------+-------++-------
Melee: Dagger            |    80 |   313 |    53 ||   446
       Unarmed           |       |    32 |       ||    32
 Cast: Confusing Touch   |       |    14 |       ||    14
  Use: Scroll            |       |     8 |       ||     8
 Stab: Sleeping          |    16 |    35 |       ||    51
       Distracted        |     1 |     1 |       ||     2
       Confused          |       |    16 |       ||    16
  Eat: Ration            |       |     1 |       ||     1
Armor: Robe              |     6 |    22 |     6 ||    34
Dodge: Dodged            |    33 |   169 |    32 ||   234
Block: Other             |       |       |     5 ||     5
